 Dungeon Crawl Stone Soup version 0.30-a0-743-gbfdf073 (webtiles) character file.

Game seed: 7863102895041178153

260 malesh the Chiller (level 6, -2/42 HPs)
             Began as a Merfolk Ice Elementalist on Feb 8, 2023.
             Slain by a phantom (7 damage)
             ... on level 4 of the Dungeon.
             The game lasted 00:10:57 (4010 turns).

malesh the Chiller (Merfolk Ice Elementalist)       Turns: 4010, Time: 00:10:58

Health: -2/42      AC:  4    Str:  8    XL:     6   Next: 17%
Magic:  5/12       EV: 13    Int: 16    God:
Gold:   198        SH:  0    Dex: 15    Spells: 9/13 levels left

rFire   . . .      SeeInvis .    j - +0 spear
rCold   . . .      Faith    .    (no shield)
rNeg    . . .      Spirit   .    a - +0 robe
rPois   .          Reflect  .    h - +0 helmet
rElec   .          Harm     .    (no cloak)
rCorr   .          Rampage  .    (no gloves)
Will    .....                    t - +0 pair of boots
Stlth   ++                       k - amulet of the acrobat
HPRegen 0.27/turn                (no ring)
MPRegen 0.13/turn                (no ring)

@: no status effects
A: (nimble swimmer 2), mertail
a: no special abilities


You were on level 4 of the Dungeon.
You visited 1 branch of the dungeon, and saw 4 of its levels.

You collected 198 gold pieces.

Inventory:

Hand Weapons
 j - a +0 spear (weapon)
Armour
 a - a +0 robe (worn)
 h - a +0 helmet (worn)
 t - a +0 pair of boots (worn)
Jewellery
 k - an amulet of the acrobat (around neck)
Wands
 o - a wand of paralysis (6)
Scrolls
 e - a scroll of noise {unknown}
 g - a scroll of torment {unknown}
 l - a scroll of poison {unknown}
 n - 2 scrolls of identify {unknown}
 s - a scroll of immolation {unknown}
 u - a scroll of magic mapping {unknown}
Potions
 b - a potion of magic
 c - a potion of might {unknown}
 d - a potion of cancellation {unknown}
 f - a potion of mutation {unknown}
 i - a potion of heal wounds {unknown}
 m - a potion of invisibility {unknown}
 p - a potion of brilliance {unknown}
 q - a potion of ambrosia {unknown}
 r - 3 potions of curing {unknown}


   Skills:
 + Level 0.6 Fighting
 + Level 1.4 Polearms
 + Level 3.1 Dodging
 + Level 2.4 Stealth
 * Level 4.0 Spellcasting
 * Level 6.1 Ice Magic


You had 9 spell levels left.
You knew the following spells:

 Your Spells              Type           Power      Damage    Failure   Level
a - Freeze                Ice            88%        1d9       1%          1
b - Frozen Ramparts       Ice            44%        1d7       4%          3

Your spell library contained the following spells:

 Spells                   Type           Power      Damage    Failure   Level
 Ozocubu's Armour         Ice            22%        N/A       4%          3
 Ensorcelled Hibernation  Hex/Ice        26%        N/A       7%          2
 Hailstorm                Conj/Ice       13%        3d5       14%         3
 Summon Ice Beast         Ice/Summ       13%        N/A       43%         4
 Gell's Gravitas          Tloc           3%         N/A       45%         3
 Spider Form              Tmut/Pois      3%         N/A       45%         3
 Teleport Other           Tloc           3%         N/A       45%         3
 Anguish                  Hex/Necr       1%         N/A       86%         4
 Dispersal                Tloc           1%         N/A       100%        6


Dungeon Overview and Level Annotations

Branches:
Dungeon (4/15)
 Temple: D:4-7

Altars:
Fedhas
Nemelex Xobeh
Ru
Uskayaw
Vehumet
Zin

Shops:
D:2 (   D:4 *


Innate Abilities, Weirdness & Mutations

((You are very nimble when in or above water. (Stealth+, EV+, Speed+++)))
Your lower body shifts to a powerful aquatic tail in water.


Message History

You freeze the phantom.
The phantom resists.
The phantom is moderately damaged.
The phantom hits you.
The phantom blinks!
You blink.
You hit the phantom.
The phantom is heavily damaged.
The phantom hits you.
* * * LOW HITPOINT WARNING * * *
You hit the phantom.
The phantom is heavily damaged.
The phantom closely misses you.
You closely miss the phantom.
The phantom is heavily damaged.
The phantom closely misses you.
You hit the phantom but do no damage.
The phantom is heavily damaged.
The phantom closely misses you.
You hit the phantom.
The phantom is severely damaged.
The phantom hits you.
* * * LOW HITPOINT WARNING * * *
The phantom blinks!
You blink.
You hit the phantom.
The phantom is almost destroyed.
The phantom hits you.
* * * LOW HITPOINT WARNING * * *
The phantom blinks!
You blink.
You hit the phantom.
The phantom is almost destroyed.
The phantom closely misses you.
You barely miss the phantom.
The phantom is almost destroyed.
The phantom hits you but does no damage.
You closely miss the phantom.
The phantom is almost destroyed.
The phantom hits you.
* * * LOW HITPOINT WARNING * * *
You completely miss the phantom.
The phantom is almost destroyed.
The phantom hits you!
You die...

### ..# #.# #####.## ### ## #..
...# ##.## .. #.# #..# ##...## #.
#.###.###..# #.....# #.
#..........####...### #.
#####.####...@W......... #.
####.## #######.############.
#.....# #.# #..... #.##..# ##+##
#.###. #.##..# ##...## #.###.
#.###.# ##.....## #..... #.###.##
##.......## #..###
#####......####.........####.....
..............'.........'........


You could see a phantom.

Vanquished Creatures
  2 hounds
  Robin (D:2)
  4 gnolls (D:3)
  3 adders
  An ufetubus (D:3)
  A worm (D:4)
  6 orcs
  12 endoplasms
  5 giant cockroaches
  16 goblins
  12 hobgoblins
  2 jackals (D:1)
  2 quokkas (D:1)
  13 ball pythons
  4 bats
  3 frilled lizards
  7 kobolds
  10 rats
104 creatures vanquished.

Notes
Turn   | Place    | Note
-------+----------+-------------------------------------------
     0 | D:1      | malesh the Merfolk Ice Elementalist began the quest for the
                  | Orb.
     0 | D:1      | Reached XP level 1. HP: 13/13 MP: 3/3
   196 | D:1      | Reached XP level 2. HP: 19/19 MP: 3/5
   523 | D:1      | Reached skill level 5 in Ice Magic
   568 | D:1      | Reached XP level 3. HP: 16/24 MP: 0/6
   782 | D:1      | Learned a level 3 spell: Frozen Ramparts
  1065 | D:2      | Identified the +2 mace "Himoerun" {antimagic, SInv}
  1129 | D:2      | Reached XP level 4. HP: 16/31 MP: 1/8
  1429 | D:2      | Noticed Robin
  1436 | D:2      | Killed Robin
  1548 | D:2      | Reached XP level 5. HP: 34/36 MP: 5/10
  1634 | D:2      | Found Kutaij's Antique Weapon Boutique.
  2315 | D:3      | Found a radiant altar of Vehumet.
  2452 | D:3      | Found a glowing silver altar of Zin.
  2453 | D:3      | Found a sacrificial altar of Ru.
  2454 | D:3      | Found a hide-covered altar of Uskayaw.
  2599 | D:3      | Found a blossoming altar of Fedhas.
  2959 | D:3      | Found a sparkling altar of Nemelex Xobeh.
  2988 | D:3      | Reached skill level 1 in Polearms
  3186 | D:4      | Reached skill level 6 in Ice Magic
  3186 | D:4      | Reached XP level 6. HP: 40/42 MP: 7/12
  3660 | D:4      | Found Quczov's Lightly-Used Armoury.
  4010 | D:4      | Slain by a phantom

Illustrated notes

Levels and vault maps discovered:
D:1:      minmay_arrival_hallway, layout_rooms
D:2:      layout_loops_corners, serial_shops, shop, uniq_robin
D:3:      layout_basic, nicolae_vehumet_altar_sigil,
          mainiacjoe_overflow_24_doors,
          chequers_temple_overflow_statue_of_worship,
          nemelex_diamond_rough_becter, st_stairs_11, due_unseen_surprise
D:4:      layout_loops_corners, minmay_shop_damaged

Skill      XL: |  1  2  3  4  5 |
---------------+----------------+-----
Ice Magic      | 5 6 |  6.1
Spellcasting   | 3 4 |  4.0
Dodging        | 3 |  3.1
Polearms       | 1 |  1.4
Fighting       | |  0.6
Stealth        | |  2.4

Action                     |  1- 3 |  4- 6 || total
---------------------------+-------+-------++-------
  Melee: Unarmed           |    49 |     1 ||    50
         Spear             |       |    96 ||    96
         Punch             |       |     1 ||     1
   Cast: Freeze            |    53 |    80 ||   133
         Frozen Ramparts   |       |     3 ||     3
   Stab: Sleeping          |       |    12 ||    12
 Armour: Robe              |    23 |    10 ||    33
  Dodge: Dodged            |    85 |    73 ||   158

Table legend: (Time is in decaauts)
 A = Elapsed time spent in this place.
 B = Non-inter-level travel time spent in this place.
 C = Inter-level travel time spent in this place.
 D = Time resting spent in this place.
 E = Time spent auto-exploring this place.
 F = Levels seen in this place.
 G = Mean time per level.
                   A        B        C        D        E       F      G
               +--------+--------+--------+--------+--------+-----+--------+
         Total |   4015 |   3913 |    102 |    343 |   2834 |   4 | 1003.8 |
       Dungeon |   4015 |   3913 |    102 |    343 |   2834 |   4 | 1003.8 |
               +--------+--------+--------+--------+--------+-----+--------+

Top non-repeatable levels by time:
     D:2: 1113 daAuts
     D:1: 1059 daAuts
     D:3: 1023 daAuts
     D:4: 819 daAuts
